 Dungeon Crawl Stone Soup version 0.20.1-1-g8b1a95d (webtiles) character file.

342 Lennu the Shield-Bearer (level 6, -1/52 HPs)
             Began as a Draconian Fighter on July 12, 2017.
             Slain by Goboxel's ghost (9 damage)
             ... on level 3 of the Dungeon.
             The game lasted 00:05:20 (3175 turns).

Lennu the Shield-Bearer (Draconian Fighter)         Turns: 3175, Time: 00:05:21

Health: -1/52      AC:  6    Str: 18    XL:     6   Next: 30%
Magic:  6/6        EV: 11    Int:  9    God:
Gold:   73         SH:  9    Dex: 12    Spells: 5/5 levels left

rFire    . . .     SeeInvis .   a - +0 long sword
rCold    . . .     Gourm    .   b - +0 shield
rNeg     . . .     Faith    .   (armour unavailable)
rPois    .         Spirit   .   (helmet restricted)
rElec    .         Reflect  .   (no cloak)
rCorr    .         Harm     .   (no gloves)
MR       .....                  (no boots)
Stlth    ++........             (no amulet)
Regen    0.2/turn               (no ring)
MPRegen  0.1/turn               (no ring)

@: no status effects
A: unfitting armour, cold-blooded, AC +6
a: no special abilities


You were on level 3 of the Dungeon.
You were not hungry.

You visited 1 branch of the dungeon, and saw 3 of its levels.

You collected 73 gold pieces.

Inventory:

Hand Weapons
 a - a +0 long sword (weapon)
Armour
 b - a +0 shield (worn)
Scrolls
 i - 3 scrolls of teleportation
 j - 2 scrolls of remove curse {unknown}
 m - a scroll of enchant armour {unknown}
 n - a scroll of immolation {unknown}
 o - a scroll of enchant weapon {unknown}
 p - a scroll of fog {unknown}
Potions
 c - 2 potions of curing {unknown}
 e - a potion of brilliance
 f - a potion of magic {unknown}
 h - 2 potions of lignification {unknown}
 k - 2 potions of mutation {unknown}
 l - a potion of heal wounds {unknown}
Comestibles
 d - 3 bread rations
 g - 2 meat rations
 q - a chunk of flesh


   Skills:
 * Level 4.2 Fighting
 * Level 3.4 Long Blades
 * Level 4.0 Dodging
 * Level 1.7 Stealth
 * Level 4.6 Shields


You had 5 spell levels left.
You didn't know any spells.

Dungeon Overview and Level Annotations

Branches:
Dungeon (3/15)

Altars:

Annotations:
D:3 Goboxel's ghost, amateur DsGl


Innate Abilities, Weirdness & Mutations

Your plain brown scales are hard. (AC +6)
You cannot fit into any form of body armour.
You are cold-blooded and may be slowed by cold attacks.


Message History

Goboxel's ghost hits you but does no damage.
The hobgoblin hits you with a club.
You hit Goboxel's ghost.
Goboxel's ghost is almost destroyed.
Goboxel's ghost hits you but does no damage.
You block the hobgoblin's attack. Goboxel's ghost hits you.
You miss Goboxel's ghost.
You tail-slap Goboxel's ghost, but do no damage.
Goboxel's ghost is almost destroyed.
The hobgoblin hits you with a club. Goboxel's ghost hits you.
You barely miss Goboxel's ghost.
Goboxel's ghost is almost destroyed.
The hobgoblin hits you with a club. Goboxel's ghost hits you!
* * * LOW HITPOINT WARNING * * *
The hobgoblin hits you but does no damage.
You hit Goboxel's ghost but do no damage.
Your tail-slap misses Goboxel's ghost.
Goboxel's ghost is almost destroyed.
Goboxel's ghost hits you!
You die...

#..<## #
##....# ##.
#.###.# #...
#.# #.#
#...#####.###.#
......#.....#
....###.### .
#W)# #.#
....#g@###.#
#.?......#
###..#####
.....# #######


You could see Goboxel's ghost and a hobgoblin.

Vanquished Creatures
  Sigmund (D:2)
  An iguana (D:2)
  Natasha (thrice) (D:2)
  3 adders (D:2)
  A dart slug (D:1)
  2 leopard geckos
  An orc (D:3)
  3 ball pythons (D:2)
  7 bats
  A giant cockroach (D:1)
  10 goblins
  3 hobgoblins
  8 kobolds
  A quokka (D:2)
  A frilled lizard (D:2)
  8 rats
54 creatures vanquished.

Notes
Turn   | Place    | Note
-------+----------+-------------------------------------------
     0 | D:1      | Lennu the Draconian Fighter began the quest for the Orb.
     0 | D:1      | Reached XP level 1. HP: 19/19 MP: 1/1
   151 | D:1      | Reached XP level 2. HP: 19/26 MP: 2/2
   981 | D:2      | Noticed Sigmund
   993 | D:2      | HP: 1/26 [Sigmund/scythe (9)]
   994 | D:2      | Killed Sigmund
   994 | D:2      | Reached skill level 1 in Stealth
   994 | D:2      | Reached XP level 3. HP: 1/33 MP: 3/3
   994 | D:2      | Reached XP level 4. HP: 1/40 MP: 4/4
   994 | D:2      | Reached XP level 5. HP: 2/46 MP: 5/5
  1362 | D:2      | Noticed Natasha
  1366 | D:2      | Killed Natasha
  1690 | D:2      | Noticed Natasha
  1704 | D:2      | Killed Natasha
  2064 | D:2      | Reached XP level 6. HP: 50/52 MP: 6/6
  2224 | D:2      | Noticed Natasha
  2226 | D:2      | Killed Natasha
  3160 | D:3      | Noticed Goboxel's ghost (amateur DsGl)
  3175 | D:3      | Slain by Goboxel's ghost

Skill      XL: |  1  2  3  4  5  6 |
---------------+-------------------+-----
Dodging        | 3 4 |  4.0
Fighting       | 4 |  4.2
Stealth        | 1 |  1.7
Shields        | 4 |  4.6
Long Blades    | 3 |  3.4

Action                   |  1- 3 |  4- 6 || total
-------------------------+-------+-------++-------
Melee: Long sword        |    52 |   119 ||   171
       Tailslap          |     5 |    13 ||    18
  Use: Scroll            |     3 |       ||     3
       Potion            |     2 |       ||     2
 Stab: Sleeping          |       |     1 ||     1
  Eat: Chunk             |       |     6 ||     6
       Royal jelly       |       |     1 ||     1
Armor: Skin              |    10 |    55 ||    65
Dodge: Dodged            |    22 |    71 ||    93
Block: Shield            |    30 |    79 ||   109
       Rpst.: Long sword |       |    26 ||    26
